 Dungeon Crawl Stone Soup version 0.28.0-53-g5a82cb258f (webtiles) character file.

Game seed: 13476017912740687701

82 Kranky the Skirmisher (level 4, -3/34 HPs)
             Began as an Octopode Fighter on June 20, 2022.
             Slain by a gnoll
             ... wielding a +1 whip of freezing
              (10 damage)
             ... on level 3 of the Dungeon.
             The game lasted 00:02:45 (2259 turns).

Kranky the Skirmisher (Octopode Fighter)            Turns: 2259, Time: 00:02:47

Health: -3/34      AC:  1    Str: 15    XL:     4   Next: 43%
Magic:  4/4        EV: 13    Int: 10    God:
Gold:   86         SH:  4    Dex: 13    Spells: 3/3 levels left

rFire   . . .      SeeInvis .   a - +0 flail
rCold   . . .      Faith    .   b - +0 buckler
rNeg    . . .      Spirit   .   (helmet restricted)
rPois   .          Reflect  .   (no amulet)
rElec   .          Harm     .   (no ring)
rCorr   .          Rampage  .   (no ring)
Will    .....                   (no ring)
Stlth   +++.......              (no ring)
HPRegen 0.11/turn               (no ring)
MPRegen 0.09/turn               (no ring)
                                (no ring)
                                (no ring)

@: no status effects
A: almost no armour, amphibious, 8 rings, camouflage 1, gelatinous body 1,
(nimble swimmer 1), tentacles
a: no special abilities


You were on level 3 of the Dungeon.
You visited 1 branch of the dungeon, and saw 3 of its levels.

You collected 86 gold pieces.

Inventory:

Hand Weapons
 a - a +0 flail (weapon)
Missiles
 m - 3 javelins (quivered)
Armour
 b - a +0 buckler (worn)
Wands
 g - a wand of paralysis (4)
Scrolls
 d - a scroll of holy word {unknown}
 h - a scroll of enchant armour {unknown}
 j - a scroll of teleportation {unknown}
 l - a scroll of summoning {unknown}
 n - 3 scrolls of noise {unknown}
Potions
 c - a potion of might
 e - 2 potions of heal wounds {unknown}
 f - a potion of haste {unknown}
 i - a potion of ambrosia {unknown}
 k - a potion of degeneration {unknown}


   Skills:
 + Level 4.5 Fighting
 - Level 2.0 Maces & Flails
 - Level 3.0 Dodging
 - Level 3.0 Stealth
 - Level 3.0 Shields


You had 3 spell levels left.
You didn't know any spells.
Your spell library contained the following spells:

 Spells                   Type           Power      Damage    Failure   Level
 Magic Dart               Conj           0%         1d3       45%         1
 Call Imp                 Summ           0%         N/A       58%         2
 Mephitic Cloud           Conj/Pois/Air  0%         N/A       83%         3


Dungeon Overview and Level Annotations

Branches:
Dungeon (3/15)

Altars:

Shops:
D:1 [   D:2 *


Innate Abilities, Weirdness & Mutations

You cannot wear most types of armour.
You are amphibious.
You can wear up to eight rings at the same time.
Your skin changes colour to match your surroundings (Stealth+).
Your rubbery body absorbs attacks. (AC +1, EV +1)
((You are camouflaged when in or above water. (Stealth+)))
You have tentacles for arms and can constrict up to eight enemies at once.


Message History

Found a scroll labelled GIOBIPP MOVICAU.
A gnoll comes into view. It is wielding a +0 flail.
A bat comes into view.
An orc, an endoplasm and a gnoll come into view.
A bat comes into view.
Found 6 gold pieces.
The helpless gnoll fails to defend itself.
You hit the gnoll. Your grab misses the gnoll.
The gnoll is lightly wounded.
The gnoll hits you with a +1 whip of freezing.
The gnoll freezes you.
You hit the gnoll but do no damage. You grab the gnoll.
The gnoll is lightly wounded.
You constrict the gnoll.
The gnoll hits you with a +1 whip of freezing.
The gnoll freezes you.
You release your grip on the gnoll.
The orc completely misses you.
The gnoll hits you with a +1 whip of freezing.
The gnoll freezes you.
You hit the gnoll but do no damage. You grab the gnoll. You squeeze the gnoll!
The gnoll is almost dead.
You constrict the gnoll.
You kill the gnoll!
You barely miss the orc. You grab the orc.
You squeeze the orc, but do no damage. You constrict the orc.
The orc closely misses you.
You hit the orc.
The orc is moderately wounded.
You constrict the orc. The orc barely misses you. You block the orc's attack.
You sock the orc!
You kill the orc!
You hit the gnoll. Your grab misses the gnoll. You squeeze the gnoll.
The gnoll is almost dead.
The gnoll hits you with a +1 whip of freezing!
* * * LOW HITPOINT WARNING * * *
The gnoll freezes you.
* * * LOW HITPOINT WARNING * * *
The gnoll hits you with a +1 whip of freezing!
You die...

########.# #.#
#.#####.#
#.......#
#######.#.##
#.#... #.#..
#.#?. #.#.####
#@#....####
#g#g......###
#.......$...#
###..........#
#.###.####..
#.# ... #.#
....# #.#


bJg.# #.. $...b. You could see a gnoll.

Vanquished Creatures
  An adder (D:3)
  A gnoll (D:3)
  3 worms (D:2)
  A dart slug (D:1)
  4 orcs (D:3)
  8 bats
  4 endoplasms
  3 giant cockroaches (D:2)
  2 hobgoblins (D:1)
  3 quokkas
  3 ball pythons
  3 frilled lizards
  5 goblins
  2 kobolds
  2 rats
45 creatures vanquished.

Vanquished Creatures (others)
  2 plants (D:2)
2 creatures vanquished.

Grand Total: 47 creatures vanquished

Notes
Turn   | Place    | Note
-------+----------+-------------------------------------------
     0 | D:1      | Kranky the Octopode Fighter began the quest for the Orb.
     0 | D:1      | Reached XP level 1. HP: 16/16 MP: 1/1
    64 | D:1      | Reached skill level 1 in Stealth
   249 | D:1      | Reached XP level 2. HP: 16/21 MP: 2/2
   482 | D:1      | Found Xugeakodde's Antique Armour Shoppe.
  1055 | D:2      | Reached XP level 3. HP: 26/26 MP: 3/3
  1370 | D:2      | Found Pinoph's Assorted Antiques.
  1549 | D:2      | Reached skill level 4 in Fighting
  1981 | D:3      | Reached XP level 4. HP: 21/33 MP: 4/4
  2120 | D:3      | Found a faded altar of an unknown god.
  2259 | D:3      | Slain by a gnoll

Illustrated notes

Levels and vault maps discovered:
D:1:      dpeg_arrival_castle, layout_basic, serial_shops, nicolae_diamond_shop,
          minmay_pentomino_o4
D:2:      wad_pebble_path, layout_basic, serial_shops,
          nicolae_shop_overgrown_old_shop
D:3:      minmay_recursive_quarters, layout_basic,
          shapermc_ecumenical_altar_hornbeckon, kennysheep_nondescript,
          minmay_misc_feat_four_crosses, minmay_cut_off

Skill      XL: |  1  2  3 |
---------------+----------+-----
Stealth        | 1 2 3 |  3.0
Fighting       | 4 |  4.5
Maces & Flails | |  2.0
Dodging        | |  3.0
Shields        | |  3.0

Action                   |  1- 3 |  4- 6 || total
-------------------------+-------+-------++-------
Melee: Flail             |    67 |    12 ||    79
       Tentacles         |    18 |     4 ||    22
       Constrict         |    13 |     6 ||    19
       Punch             |     1 |       ||     1
 Stab: Sleeping          |     7 |     1 ||     8
Armor: Skin              |     6 |       ||     6
Dodge: Dodged            |    38 |     7 ||    45
Block: Buckler           |    13 |     1 ||    14
